 Dungeon Crawl Stone Soup version 0.17-a0-1176-g3d5a0d0 (webtiles) character file.

620 Vivisectus the Skirmisher (level 7, -2/63 HPs)
             Began as a Minotaur Fighter on May 20, 2015.
             Was a Follower of Okawaru.
             Slain by Menkaure (14 damage)
             ... on level 4 of the Dungeon on May 30, 2015.
             The game lasted 00:11:59 (2971 turns).

Vivisectus the Skirmisher (Minotaur Fighter)        Turns: 2971, Time: 00:11:59

Health: -2/63      AC: 12    Str: 20 (22) XL:     7   Next: 22%
Magic:  6/6        EV:  2    Int:  5      God:    Okawaru [*.....]
Gold:   145        SH: 16    Dex: 10      Spells: 0 memorised, 6 levels left

rFire  . . .     SeeInvis .     a - +1 war axe
rCold  . . .     Clarity  .     c - +0 plate armour
rNeg   . . .     SustAt   .     k - +1 large shield
rPois  .         Gourm    .     (helmet restricted)
rElec  .         Spirit   .     (no cloak)
rCorr  .         Warding  .     (no gloves)
rMut   .         Stasis   .     (no boots)
MR     .....                    (no amulet)
Stlth  ..........               (no ring)
                                p - ring of stealth

@: flying, not resistant to hostile enchantments, extremely unstealthy
A: retaliatory headbutt, horns 2
a: Heroism, Renounce Religion


You were on level 4 of the Dungeon.
You worshipped Okawaru.
Okawaru was aware of your devotion.
You were very hungry.

You visited 1 branch of the dungeon, and saw 4 of its levels.

You collected 145 gold pieces.

Inventory:

Hand weapons
 a - a +1 war axe (weapon)
Armour
 c - a +0 plate armour (worn)
 f - a +0 chain mail
 k - a +1 large shield (worn)
Jewellery
 p - a ring of stealth (left hand)
Scrolls
 h - 2 scrolls of remove curse
 l - a scroll of enchant weapon
 n - 4 scrolls of identify
 o - a scroll of fear
 q - a scroll of blinking {unknown}
Potions
 i - a potion of lignification
Books
 r - a book of Debilitation

   Spells                             Type                      Level
   a - Corona                         Hexes                        1
   b - Slow                           Hexes                        2
   c - Gell's Gravitas                Hexes/Translocation          3
   d - Inner Flame                    Hexes/Fire                   3
   e - Cause Fear                     Hexes                        4
   f - Leda's Liquefaction            Hexes/Earth                  4
Comestibles
 b - 2 slices of pizza
 d - 5 fruits
 e - 2 bread rations
 s - 2 beef jerkies


   Skills:
 + Level 6.0 Fighting
 + Level 5.2 Axes
 + Level 5.9 Armour
 + Level 5.7 Shields
 + Level 0.2 Invocations


You had 6 spell levels left.
You didn't know any spells.

Dungeon Overview and Level Annotations

Branches:
Dungeon (4/15)
 Temple: D:4-7

Altars:
Ashenzari
Makhleb
Okawaru
Trog

Annotations:
D:4 Menkaure


Innate Abilities, Weirdness & Mutations

You reflexively headbutt those who attack you in melee.
You have a pair of horns on your head.


Message History

You block Menkaure's attack.
You hit Menkaure but do no damage.
Menkaure is moderately damaged.
Menkaure calls on the powers of darkness!
Your body is wracked with pain!
* * * LOW HITPOINT WARNING * * *
Drink which item? (? for menu, Esc to quit)
It was a potion of degeneration.
There was something very wrong with that liquid.
You feel weakened. You block Menkaure's attack.
Drink which item? (? for menu, Esc to quit)
It was a potion of flight.
You feel very buoyant.
You fly up into the air.
Menkaure hits you but does no damage.
Your shield and plate armour prevent you from hitting Menkaure.
You headbutt Menkaure, but do no damage.
Menkaure is moderately damaged.
Menkaure hits you!
You die...

#.#####..... #
#..##....... #.
#.......##. ..###.#
#....#.####
.M!....#######...#..##
# #..............###
#..###...........#
##M.# ##..##..###..
##.@.####.####.####.
#.....##..# ##.###.
.......###......#
#..##. #.....#
#......# ##.... ##...#
#.......# ##...# .....
#.........###...##
....
.......##....#.(.# ...
####....# #......###
#.. ##...###......###


You could see Menkaure.

Vanquished Creatures
  Duvessa (D:4)
  An ogre (D:4)
  The ghost of inmateoo the Magician, an average DsWz of Cheibriados (D:3)
  Dowan (D:4)
  2 vampire bats (D:3)
  A worker ant (D:4)
  Robin (D:3)
  3 gnolls (D:2)
  6 adders
  An ooze (D:3)
  2 worms (D:2)
  6 orcs
  6 giant cockroaches
  15 goblins
  9 hobgoblins
  10 jackals
  8 kobolds
  13 bats
  A giant gecko (D:1)
  4 giant newts
  12 rats
104 creatures vanquished.

Vanquished Creatures (others)
  A plant (D:1)
1 creature vanquished.

Grand Total: 105 creatures vanquished

Notes
Turn   | Place    | Note
--------------------------------------------------------------
     0 | D:1      | Vivisectus the Minotaur Fighter began the quest for the Orb.
     0 | D:1      | Reached XP level 1. HP: 19/19 MP: 0/0
   209 | D:1      | Reached XP level 2. HP: 24/27 MP: 1/1
   358 | D:1      | Reached skill level 4 in Fighting
   794 | D:1      | Reached XP level 3. HP: 33/33 MP: 2/2
   916 | D:1      | Upgraded the game from 0.17-a0-1093-g0b3cd89 to 0.17-a0-1176-g3d5a0d0
   957 | D:2      | Found a shattered altar of Ashenzari.
  1366 | D:2      | Reached XP level 4. HP: 27/40 MP: 3/3
  1724 | D:3      | Noticed Robin
  1733 | D:3      | Killed Robin
  1777 | D:3      | Noticed inmateoo's ghost (average DsWz)
  1802 | D:3      | Killed inmateoo's ghost
  1802 | D:3      | Reached skill level 5 in Fighting
  1802 | D:3      | Reached XP level 5. HP: 26/48 MP: 4/4
  2145 | D:3      | Found an iron altar of Okawaru.
  2152 | D:3      | Reached skill level 5 in Armour
  2155 | D:3      | Became a worshipper of Warmaster Okawaru
  2229 | D:3      | Reached XP level 6. HP: 53/56 MP: 5/5
  2230 | D:3      | Reached skill level 5 in Shields
  2363 | D:3      | Found a bloodstained altar of Trog.
  2525 | D:4      | Noticed Duvessa
  2526 | D:4      | Noticed Dowan
  2532 | D:4      | Killed Duvessa
  2532 | D:4      | Acquired Okawaru's first power
  2544 | D:4      | Killed Dowan
  2544 | D:4      | Reached skill level 5 in Axes
  2564 | D:4      | Reached XP level 7. HP: 50/62 MP: 6/6
  2683 | D:4      | Reached skill level 6 in Fighting
  2695 | D:4      | Found a burning altar of Makhleb.
  2955 | D:4      | Noticed Menkaure
  2971 | D:4      | Slain by Menkaure

Vault maps used:
D:1:      lemuel_arrival_cross, serial_forest, infiniplex_forest_clump_cross,
          infiniplex_forest_straight_3, infiniplex_forest_lined_2,
          infiniplex_forest_clump_curved, infiniplex_forest_lined_2,
          infiniplex_forest_clump_C, minmay_misc_feat_four_crosses,
          minmay_fountain_box, minmay_ruptured
D:2:      wad_floor_pattern_2, nrook_mini_backslash, evilmike_ruin_ashenzari
D:3:      okawaru_ov_weapons_minmay, roderic_batcave, trog_book, uniq_robin
D:4:      bloody_makhleb, uniq_menkaure, uniq_duvessa

Action                   |  1- 3 |  4- 6 |  7- 9 || total
-------------------------+-------+-------+-------++-------
Melee: War axe           |   109 |   125 |    16 ||   250
  Use: Scroll            |       |     7 |       ||     7
       Potion            |       |     1 |     2 ||     3
  Eat: Chunk             |     1 |     5 |       ||     6
